[ AOE2 MATCH · #458961835 ]
UnrankedVikings vs Burgundians
[ REPLAY ANALYSIS · EXTRACTED FROM THE RECORDED GAME ]
Feudal
13:31
Castle
23:43
Imperial
35:57
| APM avg | 12.9 |
| APM peak | 40 |
| eAPM avg | 8.3 |
| Villagers / military | 77 / 446 |
Focus
⚔️ 41.9% · 🌾 58.1%
Militia ×390 · Spearman ×36 · Battering Ram ×20 · Trade Cart ×10 · Fishing Ship ×3
Feudal
11:51
Castle
20:51
Imperial
33:56
| APM avg | 19.1 |
| APM peak | 56 |
| eAPM avg | 14.6 |
| Villagers / military | 141 / 611 |
Focus
⚔️ 47.8% · 🌾 52.2%
Scout Cavalry ×292 · Skirmisher ×134 · Knight ×90 · Hand Cannoneer ×73 · Coustillier ×20 · Trade Cart ×10
Feudal
11:28
Castle
15:00
Imperial
29:49
| APM avg | 29.2 |
| APM peak | 50 |
| eAPM avg | 18.7 |
| Villagers / military | 123 / 566 |
Focus
⚔️ 45.8% · 🌾 54.2%
Spearman ×422 · Cavalry Archer ×80 · Hand Cannoneer ×30 · Militia ×16 · Fishing Ship ×16 · Trebuchet (Packed) ×11
Feudal
13:32
Castle
20:45
Imperial
32:28
| APM avg | 14.8 |
| APM peak | 41 |
| eAPM avg | 11.4 |
| Villagers / military | 102 / 905 |
Focus
⚔️ 40.5% · 🌾 59.5%
Serjeant ×694 · Spearman ×210 · Trade Cart ×19 · Fishing Ship ×9 · Monk ×1
Feudal
11:32
Castle
15:53
Imperial
31:43
| APM avg | 25.3 |
| APM peak | 70 |
| eAPM avg | 17.3 |
| Villagers / military | 214 / 245 |
Focus
⚔️ 33.8% · 🌾 66.2%
Skirmisher ×145 · Archer ×83 · Fishing Ship ×11 · Ballista Elephant ×11 · Scorpion ×5 · Monk ×1
Feudal
12:09
Castle
15:48
Imperial
32:39
| APM avg | 26.5 |
| APM peak | 73 |
| eAPM avg | 22.1 |
| Villagers / military | 150 / 1038 |
Focus
⚔️ 39.0% · 🌾 61.0%
Archer ×540 · Knight ×327 · Scout Cavalry ×168 · Trade Cart ×47 · Fishing Ship ×15 · Demolition Raft ×2
Feudal
15:55
Castle
20:40
Imperial
33:11
| APM avg | 31.5 |
| APM peak | 84 |
| eAPM avg | 24.5 |
| Villagers / military | 176 / 658 |
Focus
⚔️ 40.1% · 🌾 59.9%
Scout Cavalry ×253 · Spearman ×207 · Organ Gun ×97 · Militia ×38 · Skirmisher ×30 · Fishing Ship ×21
Feudal
12:45
Castle
16:31
Imperial
32:43
| APM avg | 30.2 |
| APM peak | 66 |
| eAPM avg | 16.8 |
| Villagers / military | 123 / 856 |
Focus
⚔️ 41.8% · 🌾 58.2%
Spearman ×488 · Militia ×294 · Mangonel ×49 · Boyar ×16 · Battering Ram ×5 · Trebuchet (Packed) ×3
Match map
Initial resources + every placement click. Lines = walls · curves = elevation contours. ◆ gold · ⬟ stone · ● berries · ✦ relic · ◌ wall gap
Your base· ✓ Closed at 23:43 · 0t walls · no gate
店長's base· ✓ Closed at 20:51 · 0t walls · no gate
下雪边界's base· ✓ Closed at 15:00 · 6t walls · no gate
冰空的花束's base· ✓ Closed at 20:45 · 0t walls · no gate
linshihchiang0627's base· ✓ Closed at 15:53 · 20t walls · 2 gate(s)
斯塔露·夏露普's base· ✓ Closed at 15:48 · 35t walls · no gate
UU Amitabha's base· ✓ Closed at 20:40 · 73t walls · no gate
ASS not cs is carrier's base· ✓ Closed at 16:31 · 0t walls · no gate
Smoothed initial terrain · ◌ = detected wall gap · hover for details
Inputs per minute
— MakinoharaShoko - - 店長
Build order — MakinoharaShoko
First 150 of 265 actions detected
| 0:08 | Create | Villager (Male) ×4 |
| 0:19 | Build | House |
| 0:20 | Build | House |
| 0:21 | Build | House |
| 0:22 | Build | House |
| 2:47 | Create | Villager (Male) ×2 |
| 3:24 | Create | Villager (Male) ×2 |
| 4:45 | Create | Villager (Male) ×4 |
| 5:43 | Build | Mill |
| 6:08 | Create | Villager (Male) ×4 |
| 6:49 | Create | Villager (Male) |
| 7:54 | Create | Villager (Male) ×3 |
| 8:21 | Build | Dock |
| 8:32 | Create | Villager (Male) ×3 |
| 8:40 | Build | House |
| 9:18 | Create | Fishing Ship |
| 10:26 | Build | Lumber Camp |
| 11:16 | Create | Fishing Ship |
| 11:21 | Research | Feudal Age |
| 12:01 | Build | Farm |
| 12:06 | Build | Farm |
| 12:39 | Build | Farm |
| 12:46 | Create | Fishing Ship |
| 13:04 | Build | Farm |
| 13:29 | Build | House |
| 13:31 | Build | House |
| 13:31 | Age | Feudal Age |
| 13:33 | Build | House |
| 13:40 | Build | Fish Trap |
| 13:46 | Research | Horse Collar |
| 13:49 | Research | Double-Bit Axe |
| 13:57 | Build | Farm |
| 14:07 | Build | Farm |
| 14:16 | Build | Farm |
| 14:24 | Create | Villager (Male) ×5 |
| 14:44 | Research | Loom |
| 14:48 | Create | Villager (Male) ×2 |
| 14:59 | Build | Farm |
| 15:10 | Build | Market |
| 15:26 | Build | Market |
| 15:38 | Build | Farm |
| 15:47 | Build | Blacksmith |
| 16:06 | Build | Farm |
| 16:13 | Build | Farm |
| 16:20 | Create | Villager (Male) ×5 |
| 16:34 | Build | Farm |
| 16:42 | Build | Farm |
| 16:50 | Build | Mining Camp |
| 17:01 | Build | Farm |
| 17:10 | Build | Farm |
| 17:31 | Build | Farm |
| 17:40 | Build | Mill |
| 17:49 | Build | Farm |
| 17:57 | Build | House |
| 17:58 | Build | House |
| 18:12 | Build | House |
| 18:13 | Build | House |
| 18:14 | Build | House |
| 18:23 | Build | Farm |
| 18:33 | Build | Mining Camp |
| 18:48 | Build | Farm |
| 18:56 | Research | Gold Mining |
| 18:57 | Research | Stone Mining |
| 19:44 | Research | Forging |
| 19:45 | Research | Scale Mail Armor |
| 20:29 | Build | Lumber Camp |
| 21:03 | Research | Castle Age |
| 21:08 | Create | Villager (Male) ×5 |
| 21:32 | Build | Farm |
| 22:52 | Create | Villager (Male) ×5 |
| 23:43 | Age | Castle Age |
| 23:49 | Create | Villager (Male) ×5 |
| 23:55 | Research | Heavy Plow |
| 24:00 | Research | Bow Saw |
| 24:07 | Research | Tech 906 |
| 24:25 | Build | Barracks |
| 24:50 | Build | Barracks |
| 24:53 | Build | Barracks |
| 24:55 | Build | Barracks |
| 24:56 | Build | Barracks |
| 25:13 | Research | Gold Shaft Mining |
| 25:31 | Build | Farm |
| 25:46 | Build | Fish Trap |
| 26:04 | Build | Farm |
| 26:33 | Build | Fish Trap |
| 26:41 | Build | Farm |
| 26:54 | Research | Iron Casting |
| 26:55 | Research | Chain Mail Armor |
| 27:21 | Build | Town Center |
| 27:59 | Create | Villager (Male) ×5 |
| 28:36 | Build | Barracks |
| 28:40 | Build | Barracks |
| 28:43 | Build | Barracks |
| 28:48 | Research | Gambesons |
| 28:54 | Research | Squires |
| 28:55 | Research | Pikeman (upgrade) |
| 28:56 | Research | Man-at-Arms (upgrade) |
| 29:01 | Create | Militia ×5 |
| 29:01 | Create | Militia ×5 |
| 29:03 | Create | Militia ×5 |
| 29:04 | Create | Militia ×5 |
| 29:05 | Create | Militia ×5 |
| 29:06 | Create | Militia ×5 |
| 29:43 | Build | Monastery |
| 29:54 | Build | Monastery |
| 30:31 | Build | University |
| 30:45 | Build | Barracks |
| 30:49 | Build | Barracks |
| 30:51 | Build | Barracks |
| 30:57 | Research | Long Swordsman (upgrade) |
| 31:13 | Create | Villager (Male) ×5 |
| 32:04 | Build | House |
| 32:05 | Build | House |
| 32:06 | Build | House |
| 32:07 | Build | House |
| 32:12 | Build | House |
| 32:13 | Build | House |
| 32:14 | Build | House |
| 32:16 | Build | House |
| 32:30 | Build | Farm |
| 32:32 | Build | Farm |
| 32:33 | Build | Farm |
| 32:35 | Build | Farm |
| 32:36 | Build | Farm |
| 32:45 | Build | Farm |
| 32:47 | Research | Imperial Age |
| 33:10 | Build | Barracks |
| 33:13 | Build | Barracks |
| 33:15 | Build | Barracks |
| 33:22 | Research | Arson |
| 33:23 | Create | Militia ×5 |
| 33:24 | Create | Militia ×3 |
| 33:55 | Build | Siege Workshop |
| 33:57 | Build | Siege Workshop |
| 34:00 | Build | Siege Workshop |
| 34:03 | Build | Siege Workshop |
| 34:22 | Build | Farm |
| 34:29 | Create | Villager (Male) ×5 |
| 34:30 | Create | Villager (Male) |
| 34:30 | Create | Villager (Male) |
| 34:52 | Build | Lumber Camp |
| 35:02 | Build | Farm |
| 35:13 | Create | Militia |
| 35:13 | Create | Militia |
| 35:17 | Create | Militia ×5 |
| 35:19 | Create | Militia ×5 |
| 35:38 | Build | Mining Camp |
| 35:57 | Age | Imperial Age |
| 35:59 | Build | Siege Workshop |
| 36:04 | Build | Siege Workshop |
Build order — 店長
First 150 of 735 actions detected
| 0:02 | Create | Villager (Male) |
| 0:02 | Create | Villager (Male) |
| 0:03 | Create | Villager (Male) |
| 0:03 | Create | Villager (Male) |
| 0:04 | Build | House |
| 0:12 | Build | House |
| 0:44 | Build | House |
| 0:48 | Build | House |
| 1:35 | Create | Villager (Male) |
| 1:35 | Create | Villager (Male) |
| 1:36 | Research | Loom |
| 1:52 | Build | Lumber Camp |
| 2:42 | Create | Villager (Male) |
| 2:43 | Create | Villager (Male) |
| 2:43 | Create | Villager (Male) |
| 2:43 | Create | Villager (Male) |
| 3:37 | Create | Villager (Male) |
| 3:37 | Create | Villager (Male) |
| 3:37 | Create | Villager (Male) |
| 3:38 | Create | Villager (Male) |
| 3:49 | Create | Villager (Male) |
| 3:50 | Create | Villager (Male) |
| 4:08 | Create | Villager (Male) |
| 4:08 | Create | Villager (Male) |
| 5:11 | Create | Villager (Male) |
| 5:11 | Create | Villager (Male) |
| 5:11 | Create | Villager (Male) |
| 5:21 | Build | Mill |
| 5:28 | Create | Villager (Male) |
| 5:29 | Create | Villager (Male) |
| 5:49 | Create | Villager (Male) |
| 5:50 | Create | Villager (Male) |
| 6:36 | Create | Villager (Male) |
| 6:37 | Create | Villager (Male) |
| 7:01 | Create | Villager (Male) |
| 7:08 | Create | Villager (Male) |
| 7:31 | Research | Wheelbarrow |
| 7:56 | Create | Villager (Male) |
| 7:57 | Create | Villager (Male) |
| 8:03 | Research | Double-Bit Axe |
| 9:32 | Research | Feudal Age |
| 10:46 | Build | House |
| 10:47 | Build | House |
| 10:49 | Build | House |
| 10:50 | Build | House |
| 10:52 | Build | House |
| 11:07 | Build | Mill |
| 11:22 | Build | Mill |
| 11:51 | Age | Feudal Age |
| 12:16 | Research | Hand Cart |
| 12:19 | Create | Villager (Male) |
| 12:19 | Create | Villager (Male) |
| 12:19 | Create | Villager (Male) |
| 12:40 | Build | Mining Camp |
| 12:51 | Build | House |
| 12:52 | Build | House |
| 12:53 | Build | House |
| 13:24 | Build | Mill |
| 13:29 | Create | Villager (Male) |
| 13:35 | Build | Farm |
| 13:37 | Build | Farm |
| 13:55 | Create | Villager (Male) |
| 14:36 | Build | Farm |
| 14:38 | Build | Farm |
| 14:57 | Create | Villager (Male) |
| 15:05 | Build | House |
| 15:22 | Create | Villager (Male) |
| 15:39 | Build | Market |
| 15:51 | Create | Villager (Male) |
| 16:12 | Create | Villager (Male) |
| 16:42 | Build | Lumber Camp |
| 16:53 | Create | Villager (Male) |
| 17:12 | Build | Blacksmith |
| 17:21 | Create | Villager (Male) |
| 17:21 | Create | Villager (Male) |
| 17:27 | Build | Farm |
| 17:29 | Build | Farm |
| 18:04 | Research | Castle Age |
| 18:26 | Research | Bow Saw |
| 18:33 | Build | Farm |
| 18:37 | Build | Farm |
| 19:03 | Build | Barracks |
| 19:16 | Build | Mining Camp |
| 19:20 | Research | Gold Mining |
| 19:21 | Research | Stone Mining |
| 19:25 | Research | Town Watch |
| 19:30 | Research | Scale Barding Armor |
| 19:32 | Research | Forging |
| 20:33 | Build | Stable |
| 20:38 | Build | Stable |
| 20:45 | Create | Villager (Male) |
| 20:46 | Create | Villager (Male) |
| 20:51 | Age | Castle Age |
| 21:04 | Build | Town Center |
| 21:09 | Create | Villager (Male) |
| 21:10 | Create | Villager (Male) |
| 21:31 | Build | Town Center |
| 21:35 | Create | Villager (Male) |
| 21:48 | Build | Monastery |
| 21:58 | Build | Farm |
| 22:34 | Create | Villager (Male) |
| 22:45 | Create | Monk |
| 22:49 | Research | Fervor |
| 22:50 | Research | Sanctity |
| 22:56 | Build | House |
| 22:57 | Build | House |
| 22:58 | Build | House |
| 23:01 | Build | House |
| 23:02 | Build | House |
| 23:04 | Build | House |
| 23:08 | Create | Villager (Male) |
| 23:15 | Build | Lumber Camp |
| 23:32 | Create | Villager (Male) |
| 23:33 | Create | Villager (Male) |
| 23:33 | Create | Villager (Male) |
| 23:33 | Create | Villager (Male) |
| 23:34 | Create | Villager (Male) |
| 23:34 | Create | Villager (Male) |
| 23:36 | Create | Villager (Male) |
| 23:37 | Create | Villager (Male) |
| 23:50 | Research | Horse Collar |
| 24:10 | Create | Villager (Male) |
| 24:10 | Create | Villager (Male) |
| 24:10 | Create | Villager (Male) |
| 24:16 | Build | Farm |
| 24:17 | Build | Farm |
| 24:19 | Build | Farm |
| 24:20 | Build | Farm |
| 24:21 | Build | Farm |
| 24:24 | Build | Farm |
| 24:26 | Create | Villager (Male) |
| 24:26 | Create | Villager (Male) |
| 24:39 | Build | Farm |
| 24:41 | Build | Farm |
| 24:42 | Build | Farm |
| 24:44 | Build | Farm |
| 24:46 | Build | Farm |
| 24:48 | Build | Farm |
| 24:52 | Create | Villager (Male) |
| 24:52 | Create | Villager (Male) |
| 24:53 | Create | Villager (Male) |
| 25:12 | Create | Monk |
| 25:24 | Create | Villager (Male) |
| 25:28 | Create | Villager (Male) |
| 25:44 | Create | Villager (Male) |
| 25:47 | Create | Villager (Male) |
| 25:50 | Build | Farm |
| 25:54 | Build | Farm |
| 25:55 | Build | Farm |
| 25:56 | Build | Farm |
Build order — 下雪边界
First 150 of 490 actions detected
| 0:01 | Create | Villager (Male) |
| 0:02 | Create | Villager (Male) |
| 0:02 | Create | Villager (Male) |
| 0:02 | Create | Villager (Male) |
| 0:04 | Build | House |
| 0:07 | Build | House |
| 0:53 | Build | House |
| 1:24 | Build | Palisade Wall |
| 1:28 | Build | Palisade Wall |
| 1:29 | Build | Palisade Wall |
| 1:30 | Build | Palisade Wall |
| 1:35 | Build | Palisade Wall |
| 1:35 | Build | Palisade Wall |
| 1:43 | Create | Villager (Male) |
| 1:43 | Create | Villager (Male) |
| 2:14 | Research | Loom |
| 2:24 | Build | Lumber Camp |
| 2:28 | Build | Mill |
| 2:35 | Create | Villager (Male) |
| 2:57 | Create | Villager (Male) |
| 3:31 | Create | Villager (Male) |
| 3:50 | Create | Villager (Male) |
| 4:07 | Create | Villager (Male) |
| 4:47 | Create | Villager (Male) |
| 4:48 | Create | Villager (Male) |
| 4:48 | Create | Villager (Male) |
| 5:57 | Create | Villager (Male) |
| 5:57 | Create | Villager (Male) |
| 5:57 | Create | Villager (Male) |
| 5:59 | Build | Dock |
| 6:15 | Build | House |
| 6:18 | Build | House |
| 6:26 | Create | Villager (Male) |
| 6:36 | Create | Fishing Ship |
| 6:58 | Create | Villager (Male) |
| 6:58 | Create | Villager (Male) |
| 7:20 | Create | Fishing Ship |
| 8:04 | Create | Fishing Ship |
| 8:16 | Create | Villager (Male) |
| 8:16 | Create | Villager (Male) |
| 8:27 | Create | Fishing Ship |
| 8:42 | Build | Mining Camp |
| 9:18 | Research | Feudal Age |
| 9:58 | Build | Mill |
| 10:15 | Build | House |
| 10:15 | Build | House |
| 11:20 | Create | Villager (Male) |
| 11:20 | Create | Villager (Male) |
| 11:28 | Age | Feudal Age |
| 11:30 | Build | Market |
| 11:52 | Build | Blacksmith |
| 12:20 | Research | Castle Age |
| 12:20 | Research | Castle Age |
| 12:20 | Research | Castle Age |
| 12:37 | Research | Double-Bit Axe |
| 13:00 | Create | Fishing Ship |
| 13:29 | Build | Dock |
| 13:36 | Build | Dock |
| 13:50 | Build | Fish Trap |
| 14:23 | Research | Tech 906 |
| 14:44 | Build | Fish Trap |
| 14:52 | Create | Villager (Male) |
| 14:52 | Create | Villager (Male) |
| 14:52 | Create | Villager (Male) |
| 15:00 | Age | Castle Age |
| 15:01 | Research | Bow Saw |
| 15:15 | Build | Fish Trap |
| 15:24 | Create | Villager (Male) |
| 15:24 | Create | Villager (Male) |
| 15:27 | Build | Fish Trap |
| 15:42 | Build | Fish Trap |
| 15:48 | Research | Wheelbarrow |
| 16:25 | Build | Town Center |
| 16:36 | Create | Villager (Male) |
| 16:38 | Create | Fishing Ship |
| 16:38 | Create | Fishing Ship |
| 16:41 | Create | Fishing Ship |
| 16:54 | Create | Villager (Male) |
| 17:02 | Create | Villager (Male) |
| 17:11 | Build | House |
| 17:12 | Build | House |
| 17:17 | Create | Fishing Ship |
| 17:19 | Create | Fishing Ship |
| 17:23 | Build | Fish Trap |
| 17:33 | Build | Fish Trap |
| 17:40 | Create | Villager (Male) |
| 17:48 | Create | Villager (Male) |
| 17:48 | Create | Villager (Male) |
| 17:49 | Create | Villager (Male) |
| 17:56 | Create | Fishing Ship |
| 17:56 | Create | Fishing Ship |
| 18:00 | Build | House |
| 18:00 | Build | House |
| 18:12 | Build | Fish Trap |
| 18:20 | Build | Fish Trap |
| 18:26 | Create | Villager (Male) |
| 18:48 | Build | Town Center |
| 19:03 | Build | Fish Trap |
| 19:10 | Build | Fish Trap |
| 19:16 | Create | Villager (Male) |
| 19:17 | Create | Villager (Male) |
| 19:23 | Create | Fishing Ship |
| 19:26 | Create | Fishing Ship |
| 19:33 | Build | House |
| 19:33 | Build | House |
| 19:39 | Create | Villager (Male) |
| 19:40 | Create | Villager (Male) |
| 19:45 | Research | Gillnets |
| 20:09 | Build | Fish Trap |
| 20:12 | Build | Fish Trap |
| 20:17 | Create | Fishing Ship |
| 20:19 | Create | Fishing Ship |
| 20:23 | Create | Villager (Male) |
| 20:23 | Create | Villager (Male) |
| 20:23 | Create | Villager (Male) |
| 20:27 | Create | Villager (Male) |
| 20:27 | Create | Villager (Male) |
| 20:41 | Build | Mining Camp |
| 20:54 | Build | Stone Wall |
| 20:58 | Build | Monastery |
| 21:00 | Create | Villager (Male) |
| 21:01 | Create | Villager (Male) |
| 21:02 | Create | Villager (Male) |
| 21:04 | Build | Lumber Camp |
| 21:11 | Build | Fish Trap |
| 21:29 | Build | Fish Trap |
| 21:36 | Create | Villager (Male) |
| 21:37 | Create | Villager (Male) |
| 21:39 | Research | Gold Mining |
| 21:52 | Create | Monk |
| 21:55 | Create | Villager (Male) |
| 21:55 | Create | Villager (Male) |
| 21:55 | Create | Villager (Male) |
| 21:55 | Create | Villager (Male) |
| 21:55 | Create | Villager (Male) |
| 21:55 | Create | Villager (Male) |
| 22:02 | Build | Town Center |
| 22:07 | Build | Town Center |
| 22:12 | Research | Horse Collar |
| 22:14 | Build | House |
| 22:15 | Build | House |
| 22:16 | Build | House |
| 22:16 | Build | House |
| 22:17 | Build | House |
| 22:25 | Build | Farm |
| 22:25 | Build | Farm |
| 22:26 | Build | Farm |
| 22:27 | Build | Farm |
| 22:28 | Build | Farm |
| 22:28 | Build | Mill |
Build order — 冰空的花束
First 150 of 451 actions detected
| 0:06 | Build | House |
| 0:07 | Build | House |
| 0:11 | Build | House |
| 0:11 | Build | House |
| 0:28 | Create | Villager (Male) ×4 |
| 0:28 | Create | Villager (Male) ×4 |
| 2:02 | Create | Villager (Male) |
| 2:38 | Create | Villager (Male) |
| 3:05 | Create | Villager (Male) |
| 3:05 | Create | Villager (Male) |
| 3:30 | Create | Villager (Male) |
| 4:11 | Create | Villager (Male) ×3 |
| 4:11 | Create | Villager (Male) ×3 |
| 4:46 | Create | Villager (Male) |
| 4:46 | Create | Villager (Male) |
| 5:28 | Build | Lumber Camp |
| 5:31 | Create | Villager (Male) ×2 |
| 5:49 | Build | Dock |
| 6:21 | Create | Villager (Male) ×2 |
| 6:35 | Build | House |
| 6:36 | Build | House |
| 7:32 | Create | Villager (Male) |
| 7:34 | Create | Villager (Male) |
| 7:47 | Create | Fishing Ship |
| 7:57 | Build | Mill |
| 8:22 | Build | Mining Camp |
| 8:43 | Create | Fishing Ship |
| 8:51 | Create | Villager (Male) |
| 9:40 | Create | Villager (Male) |
| 9:41 | Create | Villager (Male) |
| 9:46 | Create | Fishing Ship |
| 10:45 | Create | Villager (Male) |
| 10:51 | Create | Fishing Ship |
| 10:57 | Build | Barracks |
| 11:22 | Research | Feudal Age |
| 11:34 | Create | Fishing Ship |
| 12:13 | Build | Mill |
| 12:34 | Create | Villager (Male) |
| 12:44 | Build | House |
| 12:45 | Build | House |
| 12:53 | Build | House |
| 12:54 | Build | House |
| 13:32 | Age | Feudal Age |
| 13:40 | Create | Villager (Male) |
| 14:09 | Build | Blacksmith |
| 14:30 | Build | Market |
| 14:37 | Create | Villager (Male) |
| 14:37 | Create | Villager (Male) |
| 15:07 | Build | Farm |
| 15:18 | Research | Tech 906 |
| 15:21 | Create | Fishing Ship |
| 15:27 | Build | Fish Trap |
| 15:39 | Build | Farm |
| 15:43 | Create | Villager (Male) |
| 15:43 | Create | Villager (Male) |
| 16:00 | Build | Fish Trap |
| 16:29 | Build | Fish Trap |
| 16:40 | Create | Villager (Male) |
| 16:40 | Create | Villager (Male) |
| 16:58 | Build | Fish Trap |
| 17:20 | Build | Fish Trap |
| 17:52 | Build | Fish Trap |
| 18:05 | Research | Castle Age |
| 18:09 | Research | Horse Collar |
| 18:13 | Research | Double-Bit Axe |
| 18:51 | Build | Donjon |
| 19:08 | Build | Mining Camp |
| 19:10 | Research | Gold Mining |
| 19:11 | Research | Stone Mining |
| 19:55 | Build | Farm |
| 19:56 | Build | Farm |
| 19:57 | Build | Farm |
| 19:59 | Build | Farm |
| 20:00 | Build | Farm |
| 20:04 | Build | Farm |
| 20:07 | Build | Farm |
| 20:15 | Build | Farm |
| 20:22 | Build | Farm |
| 20:45 | Age | Castle Age |
| 21:28 | Build | Town Center |
| 21:49 | Build | Lumber Camp |
| 22:02 | Build | Monastery |
| 22:31 | Create | Villager (Male) ×5 |
| 22:35 | Create | Villager (Male) ×5 |
| 22:41 | Create | Villager (Male) ×5 |
| 22:42 | Create | Villager (Male) ×5 |
| 22:58 | Build | Town Center |
| 23:51 | Research | Pikeman (upgrade) |
| 23:57 | Research | Squires |
| 24:01 | Research | Gambesons |
| 24:01 | Research | Arson |
| 24:06 | Research | Forging |
| 24:06 | Research | Scale Mail Armor |
| 24:16 | Create | Monk |
| 24:17 | Research | Fervor |
| 24:21 | Research | Heavy Plow |
| 24:28 | Create | Villager (Male) |
| 24:28 | Create | Villager (Male) |
| 24:41 | Create | Villager (Male) ×2 |
| 24:52 | Build | Farm |
| 25:03 | Build | Farm |
| 25:28 | Build | Farm |
| 25:33 | Build | Farm |
| 25:39 | Create | Villager (Male) |
| 25:39 | Create | Villager (Male) |
| 26:09 | Build | Farm |
| 26:16 | Build | Farm |
| 26:17 | Build | Farm |
| 26:29 | Build | House |
| 26:31 | Build | House |
| 26:37 | Build | House |
| 26:37 | Build | House |
| 26:39 | Build | House |
| 26:53 | Build | Farm |
| 26:55 | Research | Bow Saw |
| 26:59 | Create | Villager (Male) ×5 |
| 27:20 | Create | Villager (Male) |
| 27:41 | Create | Villager (Male) ×5 |
| 27:58 | Build | Farm |
| 28:07 | Build | Farm |
| 28:10 | Build | Farm |
| 28:17 | Build | University |
| 28:22 | Build | Farm |
| 28:41 | Build | Mining Camp |
| 28:54 | Create | Serjeant |
| 28:56 | Create | Serjeant |
| 28:59 | Create | Serjeant |
| 29:18 | Research | Imperial Age |
| 29:24 | Research | Wheelbarrow |
| 29:25 | Research | Town Watch |
| 29:26 | Research | Loom |
| 29:43 | Research | Gold Shaft Mining |
| 30:04 | Research | Iron Casting |
| 30:10 | Research | Ballistics |
| 30:24 | Build | Farm |
| 30:24 | Build | Farm |
| 30:25 | Build | Farm |
| 30:39 | Research | Murder Holes |
| 30:50 | Research | Chain Mail Armor |
| 30:58 | Research | Gillnets |
| 31:19 | Create | Fishing Ship |
| 31:19 | Create | Fishing Ship |
| 31:19 | Create | Fishing Ship |
| 31:31 | Build | Farm |
| 31:40 | Research | Hand Cart |
| 31:53 | Research | Fletching |
| 32:06 | Build | Donjon |
| 32:27 | Build | Castle |
| 32:28 | Age | Imperial Age |
| 32:32 | Create | Villager (Male) ×5 |
Build order — linshihchiang0627
First 150 of 624 actions detected
| 0:02 | Create | Villager (Male) |
| 0:02 | Create | Villager (Male) |
| 0:04 | Build | House |
| 0:05 | Build | House |
| 0:15 | Create | Villager (Male) |
| 0:15 | Create | Villager (Male) |
| 1:29 | Build | Palisade Wall |
| 1:42 | Create | Villager (Male) |
| 2:13 | Create | Villager (Male) |
| 2:14 | Create | Villager (Male) |
| 2:27 | Build | Lumber Camp |
| 2:42 | Create | Villager (Male) |
| 2:42 | Create | Villager (Male) |
| 2:59 | Build | House |
| 3:08 | Create | Villager (Male) |
| 3:08 | Create | Villager (Male) |
| 3:32 | Create | Villager (Male) |
| 4:10 | Create | Villager (Male) |
| 4:11 | Create | Villager (Male) |
| 4:36 | Create | Villager (Male) |
| 4:36 | Create | Villager (Male) |
| 4:40 | Build | Mill |
| 5:01 | Create | Villager (Male) |
| 5:01 | Create | Villager (Male) |
| 5:22 | Build | House |
| 5:28 | Create | Villager (Male) |
| 5:28 | Create | Villager (Male) |
| 5:53 | Create | Villager (Male) |
| 5:58 | Build | Mill |
| 6:01 | Create | Villager (Male) |
| 6:28 | Create | Villager (Male) |
| 6:29 | Create | Villager (Male) |
| 6:29 | Create | Villager (Male) |
| 6:59 | Create | Villager (Male) |
| 7:00 | Create | Villager (Male) |
| 7:00 | Create | Villager (Male) |
| 7:10 | Build | House |
| 7:10 | Create | Villager (Male) |
| 7:10 | Create | Villager (Male) |
| 7:29 | Create | Villager (Male) |
| 7:46 | Create | Villager (Male) |
| 7:46 | Create | Villager (Male) |
| 7:47 | Create | Villager (Male) |
| 8:07 | Build | Dock |
| 8:51 | Build | House |
| 8:52 | Create | Fishing Ship |
| 8:53 | Create | Villager (Male) |
| 9:10 | Create | Villager (Male) |
| 9:22 | Research | Feudal Age |
| 9:50 | Create | Fishing Ship |
| 10:05 | Build | Mining Camp |
| 10:40 | Create | Villager (Male) |
| 10:45 | Create | Fishing Ship |
| 11:32 | Age | Feudal Age |
| 11:38 | Build | Blacksmith |
| 11:40 | Create | Villager (Male) |
| 11:56 | Build | Stone Wall |
| 12:08 | Create | Villager (Male) |
| 12:41 | Build | Market |
| 12:42 | Create | Villager (Male) |
| 13:09 | Build | Mining Camp |
| 13:13 | Research | Castle Age |
| 13:18 | Build | House |
| 13:40 | Build | Gate |
| 13:47 | Research | Double-Bit Axe |
| 14:43 | Create | Villager (Male) |
| 14:50 | Create | Fishing Ship |
| 15:10 | Build | Palisade Gate |
| 15:53 | Age | Castle Age |
| 15:56 | Create | Villager (Male) |
| 16:18 | Create | Villager (Male) |
| 16:27 | Build | Mill |
| 16:39 | Build | Town Center |
| 16:42 | Create | Villager (Male) |
| 16:57 | Build | House |
| 17:02 | Create | Fishing Ship |
| 17:05 | Create | Villager (Male) |
| 17:22 | Build | Fish Trap |
| 17:38 | Create | Villager (Male) |
| 17:50 | Build | Fish Trap |
| 18:16 | Create | Villager (Male) |
| 18:17 | Create | Villager (Male) |
| 18:32 | Create | Villager (Male) |
| 18:33 | Create | Villager (Male) |
| 18:39 | Build | Farm |
| 18:46 | Build | Castle |
| 18:54 | Build | Farm |
| 18:54 | Create | Fishing Ship |
| 19:12 | Build | Farm |
| 19:15 | Create | Villager (Male) |
| 19:16 | Create | Villager (Male) |
| 19:18 | Research | Fletching |
| 19:30 | Build | Farm |
| 19:31 | Create | Villager (Male) |
| 19:31 | Create | Villager (Male) |
| 19:44 | Build | Fish Trap |
| 19:50 | Create | Villager (Male) |
| 19:50 | Create | Villager (Male) |
| 19:51 | Create | Villager (Male) |
| 20:05 | Build | House |
| 20:09 | Create | Villager (Male) |
| 20:10 | Create | Villager (Male) |
| 20:28 | Create | Villager (Male) |
| 20:42 | Build | House |
| 20:51 | Create | Villager (Male) |
| 20:56 | Build | Fish Trap |
| 21:08 | Create | Villager (Male) |
| 21:19 | Build | Fish Trap |
| 21:40 | Create | Villager (Male) |
| 21:41 | Create | Villager (Male) |
| 21:53 | Create | Villager (Male) |
| 21:54 | Create | Villager (Male) |
| 21:54 | Create | Villager (Male) |
| 21:59 | Build | Fish Trap |
| 22:31 | Build | Monastery |
| 22:32 | Create | Villager (Male) |
| 22:33 | Create | Villager (Male) |
| 22:46 | Build | Farm |
| 22:48 | Create | Villager (Male) |
| 22:49 | Create | Villager (Male) |
| 23:04 | Build | Lumber Camp |
| 23:14 | Build | Castle |
| 23:28 | Build | Town Center |
| 23:35 | Create | Villager (Male) |
| 23:36 | Create | Villager (Male) |
| 23:45 | Build | Lumber Camp |
| 23:48 | Create | Villager (Male) |
| 23:49 | Create | Villager (Male) |
| 23:58 | Build | Farm |
| 24:26 | Build | Siege Workshop |
| 24:29 | Create | Villager (Male) |
| 24:30 | Create | Villager (Male) |
| 24:31 | Create | Villager (Male) |
| 24:35 | Create | Villager (Male) |
| 24:52 | Build | Farm |
| 24:53 | Build | Farm |
| 24:55 | Build | Farm |
| 24:56 | Build | Farm |
| 25:05 | Build | Stable |
| 25:10 | Build | Farm |
| 25:11 | Create | Villager (Male) |
| 25:12 | Create | Villager (Male) |
| 25:12 | Create | Villager (Male) |
| 25:15 | Build | Farm |
| 25:17 | Create | Fishing Ship |
| 25:17 | Create | Fishing Ship |
| 25:19 | Create | Villager (Male) |
| 25:37 | Build | Farm |
| 25:38 | Build | Farm |
| 25:42 | Create | Villager (Male) |
Build order — 斯塔露·夏露普
First 150 of 634 actions detected
| 0:03 | Build | House |
| 0:04 | Build | House |
| 0:05 | Create | Villager (Male) |
| 0:05 | Create | Villager (Male) |
| 0:05 | Create | Villager (Male) |
| 0:44 | Create | Villager (Male) |
| 1:26 | Create | Villager (Male) |
| 1:46 | Build | Lumber Camp |
| 1:49 | Create | Villager (Male) |
| 2:05 | Create | Villager (Male) |
| 2:22 | Create | Villager (Male) |
| 3:01 | Build | Palisade Wall |
| 3:11 | Create | Villager (Male) |
| 3:19 | Build | House |
| 3:23 | Build | Palisade Wall |
| 3:35 | Create | Villager (Male) |
| 4:02 | Create | Villager (Male) |
| 4:07 | Build | House |
| 4:37 | Build | Palisade Wall |
| 4:50 | Build | Mill |
| 5:00 | Create | Villager (Male) |
| 5:00 | Create | Villager (Male) |
| 5:00 | Create | Villager (Male) |
| 6:08 | Create | Villager (Male) |
| 6:13 | Create | Villager (Male) |
| 6:29 | Build | House |
| 6:42 | Create | Villager (Male) |
| 7:06 | Create | Villager (Male) |
| 7:36 | Create | Villager (Male) |
| 7:43 | Build | House |
| 7:49 | Build | House |
| 7:56 | Build | House |
| 8:30 | Create | Villager (Male) |
| 8:31 | Create | Villager (Male) |
| 8:58 | Create | Villager (Male) |
| 8:58 | Create | Villager (Male) |
| 9:18 | Research | Feudal Age |
| 9:46 | Build | House |
| 9:54 | Build | House |
| 10:29 | Build | Mining Camp |
| 10:33 | Create | Villager (Male) |
| 10:34 | Create | Villager (Male) |
| 11:17 | Build | House |
| 11:57 | Build | Dock |
| 12:09 | Age | Feudal Age |
| 12:15 | Build | Blacksmith |
| 12:17 | Research | Town Watch |
| 12:23 | Create | Villager (Male) |
| 12:28 | Build | Market |
| 12:36 | Create | Villager (Male) |
| 12:51 | Create | Demolition Raft |
| 12:51 | Create | Demolition Raft |
| 12:53 | Research | Tech 906 |
| 12:55 | Create | Fishing Ship |
| 12:56 | Create | Fishing Ship |
| 13:04 | Create | Villager (Male) |
| 13:22 | Research | Castle Age |
| 13:22 | Research | Castle Age |
| 13:23 | Research | Castle Age |
| 13:34 | Build | Farm |
| 13:42 | Build | Farm |
| 13:44 | Build | Farm |
| 13:45 | Build | Farm |
| 13:50 | Build | Farm |
| 13:57 | Build | House |
| 14:03 | Create | Villager (Male) |
| 14:03 | Create | Villager (Male) |
| 14:25 | Build | Farm |
| 14:28 | Build | Farm |
| 14:31 | Build | Farm |
| 14:48 | Research | Double-Bit Axe |
| 14:49 | Research | Double-Bit Axe |
| 14:55 | Create | Villager (Male) |
| 14:56 | Create | Villager (Male) |
| 15:48 | Age | Castle Age |
| 15:53 | Build | Town Center |
| 16:03 | Build | Town Center |
| 16:07 | Create | Villager (Male) |
| 16:15 | Create | Villager (Male) |
| 16:16 | Research | Forging |
| 16:22 | Create | Fishing Ship |
| 16:38 | Create | Villager (Male) |
| 16:58 | Create | Villager (Male) |
| 17:01 | Research | Bow Saw |
| 17:12 | Research | Horse Collar |
| 17:13 | Create | Villager (Male) |
| 17:23 | Create | Fishing Ship |
| 17:31 | Create | Villager (Male) |
| 17:31 | Create | Villager (Male) |
| 17:39 | Create | Villager (Male) |
| 17:45 | Build | Farm |
| 17:51 | Create | Villager (Male) |
| 17:51 | Create | Villager (Male) |
| 17:56 | Build | Farm |
| 18:05 | Create | Villager (Male) |
| 18:05 | Create | Villager (Male) |
| 18:11 | Build | Farm |
| 18:20 | Build | Fish Trap |
| 18:28 | Build | Fish Trap |
| 18:34 | Build | Farm |
| 18:35 | Create | Villager (Male) |
| 18:36 | Create | Villager (Male) |
| 18:36 | Create | Villager (Male) |
| 18:48 | Create | Fishing Ship |
| 18:48 | Create | Fishing Ship |
| 18:52 | Create | Villager (Male) |
| 18:54 | Create | Villager (Male) |
| 18:54 | Create | Villager (Male) |
| 18:59 | Build | Farm |
| 18:59 | Build | Farm |
| 19:03 | Build | Farm |
| 19:06 | Build | Farm |
| 19:08 | Build | Farm |
| 19:12 | Build | Farm |
| 19:13 | Create | Villager (Male) |
| 19:13 | Create | Villager (Male) |
| 19:18 | Create | Villager (Male) |
| 19:18 | Create | Villager (Male) |
| 19:25 | Build | Farm |
| 19:29 | Create | Villager (Male) |
| 19:37 | Build | Fish Trap |
| 19:47 | Build | Farm |
| 19:48 | Create | Villager (Male) |
| 19:48 | Create | Villager (Male) |
| 19:49 | Create | Villager (Male) |
| 19:53 | Create | Villager (Male) |
| 19:59 | Build | Farm |
| 20:01 | Build | Farm |
| 20:03 | Build | Farm |
| 20:06 | Research | Heavy Plow |
| 20:10 | Create | Villager (Male) |
| 20:11 | Create | Villager (Male) |
| 20:11 | Create | Villager (Male) |
| 20:17 | Build | Farm |
| 20:23 | Create | Fishing Ship |
| 20:23 | Create | Fishing Ship |
| 20:30 | Build | House |
| 20:33 | Build | House |
| 20:39 | Research | Wheelbarrow |
| 20:46 | Build | Fish Trap |
| 20:52 | Create | Villager (Male) |
| 20:52 | Create | Villager (Male) |
| 20:52 | Create | Villager (Male) |
| 20:52 | Create | Villager (Male) |
| 21:02 | Build | Farm |
| 21:05 | Build | Farm |
| 21:11 | Create | Villager (Male) |
| 21:12 | Create | Villager (Male) |
| 21:16 | Create | Villager (Male) |
| 21:27 | Build | House |
Build order — UU Amitabha
First 150 of 747 actions detected
| 0:03 | Create | Villager (Male) |
| 0:04 | Create | Villager (Male) |
| 0:07 | Build | House |
| 0:09 | Build | House |
| 0:23 | Create | Villager (Male) |
| 0:24 | Create | Villager (Male) |
| 0:48 | Research | Loom |
| 1:25 | Create | Villager (Male) |
| 2:14 | Create | Villager (Male) |
| 2:14 | Create | Villager (Male) |
| 2:21 | Create | Villager (Male) |
| 2:22 | Create | Villager (Male) |
| 2:37 | Build | Lumber Camp |
| 2:51 | Create | Villager (Male) |
| 2:51 | Create | Villager (Male) |
| 3:00 | Create | Villager (Male) |
| 3:37 | Build | Palisade Wall |
| 3:47 | Create | Villager (Male) |
| 3:47 | Create | Villager (Male) |
| 4:20 | Build | Palisade Wall |
| 4:29 | Create | Villager (Male) |
| 4:43 | Build | House |
| 4:58 | Create | Villager (Male) |
| 5:38 | Create | Villager (Male) |
| 6:00 | Build | House |
| 6:09 | Create | Villager (Male) |
| 6:16 | Create | Villager (Male) |
| 6:32 | Build | House |
| 6:46 | Build | Dock |
| 7:00 | Create | Villager (Male) |
| 7:19 | Build | Palisade Wall |
| 7:24 | Create | Villager (Male) |
| 7:26 | Create | Villager (Male) |
| 7:32 | Build | House |
| 7:34 | Create | Fishing Ship |
| 8:19 | Create | Fishing Ship |
| 8:19 | Create | Villager (Male) |
| 8:21 | Build | House |
| 8:22 | Create | Villager (Male) |
| 8:29 | Create | Villager (Male) |
| 8:43 | Build | Mining Camp |
| 8:44 | Create | Villager (Male) |
| 8:49 | Create | Villager (Male) |
| 8:57 | Build | House |
| 9:16 | Create | Fishing Ship |
| 9:16 | Create | Fishing Ship |
| 9:22 | Create | Villager (Male) |
| 9:58 | Build | Mill |
| 10:00 | Create | Villager (Male) |
| 10:17 | Create | Villager (Male) |
| 10:21 | Build | House |
| 10:21 | Create | Villager (Male) |
| 10:34 | Create | Villager (Male) |
| 10:56 | Build | Mill |
| 10:58 | Create | Fishing Ship |
| 11:09 | Build | Dock |
| 11:39 | Create | Villager (Male) |
| 11:53 | Create | Fishing Ship |
| 11:56 | Build | House |
| 11:57 | Create | Villager (Male) |
| 11:59 | Create | Fishing Ship |
| 12:06 | Create | Villager (Male) |
| 12:15 | Build | Mining Camp |
| 12:17 | Create | Villager (Male) |
| 12:20 | Create | Villager (Male) |
| 12:30 | Create | Fishing Ship |
| 12:38 | Create | Villager (Male) |
| 13:17 | Create | Villager (Male) |
| 13:20 | Research | Feudal Age |
| 13:20 | Research | Feudal Age |
| 14:23 | Build | Lumber Camp |
| 14:36 | Build | Mill |
| 14:47 | Create | Fishing Ship |
| 14:48 | Create | Fishing Ship |
| 15:15 | Create | Villager (Male) |
| 15:15 | Create | Villager (Male) |
| 15:44 | Create | Fishing Ship |
| 15:55 | Age | Feudal Age |
| 15:59 | Build | Stone Wall |
| 16:05 | Build | Fish Trap |
| 16:07 | Build | Fish Trap |
| 16:10 | Build | Fish Trap |
| 16:19 | Build | Fish Trap |
| 16:20 | Create | Villager (Male) |
| 16:25 | Build | Fish Trap |
| 16:34 | Build | Market |
| 16:38 | Create | Villager (Male) |
| 16:48 | Build | Fish Trap |
| 16:55 | Build | Lumber Camp |
| 17:11 | Build | Blacksmith |
| 17:21 | Create | Villager (Male) |
| 17:39 | Build | Fish Trap |
| 17:51 | Build | Fish Trap |
| 17:53 | Research | Castle Age |
| 17:54 | Research | Castle Age |
| 17:56 | Research | Double-Bit Axe |
| 17:56 | Research | Double-Bit Axe |
| 17:57 | Research | Double-Bit Axe |
| 18:20 | Build | Stone Wall |
| 18:25 | Build | Stone Wall |
| 18:32 | Build | Fish Trap |
| 18:39 | Build | Fish Trap |
| 18:51 | Research | Horse Collar |
| 18:51 | Research | Horse Collar |
| 18:55 | Research | Stone Mining |
| 19:08 | Research | Gold Mining |
| 19:09 | Research | Gold Mining |
| 19:32 | Create | Villager (Male) |
| 20:33 | Create | Fishing Ship |
| 20:37 | Create | Fishing Ship |
| 20:40 | Age | Castle Age |
| 20:48 | Build | Town Center |
| 20:50 | Create | Villager (Male) |
| 20:57 | Build | Town Center |
| 21:02 | Research | Bow Saw |
| 21:02 | Research | Bow Saw |
| 21:17 | Build | Town Center |
| 21:23 | Build | Fish Trap |
| 21:27 | Build | Fish Trap |
| 21:30 | Create | Villager (Male) |
| 21:34 | Research | Heavy Plow |
| 21:34 | Research | Heavy Plow |
| 21:35 | Create | Villager (Male) |
| 21:38 | Research | Tech 906 |
| 21:47 | Create | Villager (Male) |
| 21:53 | Build | Monastery |
| 22:01 | Build | House |
| 22:03 | Build | House |
| 22:04 | Build | House |
| 22:17 | Create | Villager (Male) |
| 22:22 | Create | Villager (Male) |
| 22:29 | Create | Monk |
| 22:39 | Build | Town Center |
| 22:42 | Create | Villager (Male) |
| 22:45 | Create | Villager (Male) |
| 22:47 | Create | Villager (Male) |
| 22:50 | Build | Farm |
| 22:52 | Build | Farm |
| 22:55 | Create | Fishing Ship |
| 22:57 | Create | Fishing Ship |
| 23:02 | Create | Villager (Male) |
| 23:06 | Build | Farm |
| 23:23 | Build | House |
| 23:24 | Build | House |
| 23:27 | Create | Villager (Male) |
| 23:31 | Build | Farm |
| 23:32 | Build | Farm |
| 23:36 | Build | Farm |
| 23:37 | Build | Farm |
| 23:39 | Build | Farm |
Build order — ASS not cs is carrier
First 150 of 479 actions detected
| 0:08 | Build | House |
| 0:10 | Build | House |
| 0:26 | Create | Villager (Male) |
| 0:26 | Create | Villager (Male) |
| 1:01 | Create | Villager (Male) |
| 1:23 | Create | Villager (Male) |
| 2:11 | Create | Villager (Male) |
| 2:17 | Build | Lumber Camp |
| 2:24 | Create | Villager (Male) |
| 2:52 | Create | Villager (Male) |
| 3:31 | Create | Villager (Male) |
| 3:52 | Create | Villager (Male) |
| 3:57 | Build | House |
| 4:51 | Create | Villager (Male) |
| 5:10 | Create | Villager (Male) |
| 5:40 | Create | Villager (Male) |
| 6:08 | Create | Villager (Male) |
| 6:32 | Create | Villager (Male) |
| 6:47 | Build | Mill |
| 6:51 | Create | Villager (Male) |
| 7:39 | Create | Villager (Male) |
| 7:43 | Create | Villager (Male) |
| 7:50 | Build | House |
| 8:30 | Create | Villager (Male) |
| 8:30 | Create | Villager (Male) |
| 8:59 | Create | Villager (Male) |
| 9:07 | Build | Mill |
| 9:20 | Create | Villager (Male) |
| 10:03 | Create | Villager (Male) |
| 10:11 | Research | Feudal Age |
| 10:20 | Build | Mining Camp |
| 10:46 | Build | House |
| 12:45 | Age | Feudal Age |
| 12:47 | Build | Blacksmith |
| 12:50 | Build | Market |
| 13:51 | Research | Castle Age |
| 13:51 | Research | Castle Age |
| 14:36 | Research | Horse Collar |
| 14:40 | Build | Farm |
| 14:43 | Build | Farm |
| 14:45 | Build | Farm |
| 14:49 | Build | Farm |
| 14:52 | Build | Farm |
| 14:57 | Build | Farm |
| 14:59 | Build | Farm |
| 15:03 | Build | Farm |
| 15:13 | Research | Double-Bit Axe |
| 15:26 | Build | Farm |
| 16:07 | Build | Farm |
| 16:10 | Build | Farm |
| 16:31 | Age | Castle Age |
| 17:09 | Build | Town Center |
| 17:18 | Create | Villager (Male) |
| 17:22 | Create | Villager (Male) |
| 17:23 | Create | Villager (Male) |
| 17:28 | Create | Villager (Male) |
| 17:46 | Build | Farm |
| 17:48 | Create | Villager (Male) |
| 18:07 | Build | Mining Camp |
| 18:21 | Create | Villager (Male) |
| 18:34 | Create | Villager (Male) |
| 18:35 | Create | Villager (Male) |
| 18:35 | Create | Villager (Male) |
| 18:35 | Create | Villager (Male) |
| 18:42 | Create | Villager (Male) |
| 18:54 | Build | House |
| 19:31 | Build | Town Center |
| 19:39 | Build | House |
| 19:45 | Create | Villager (Male) |
| 19:52 | Create | Villager (Male) |
| 20:13 | Create | Villager (Male) |
| 20:22 | Create | Villager (Male) |
| 20:36 | Build | House |
| 20:39 | Create | Villager (Male) |
| 20:41 | Create | Villager (Male) |
| 20:46 | Build | Farm |
| 21:05 | Build | Farm |
| 21:09 | Create | Villager (Male) |
| 21:14 | Build | House |
| 21:20 | Build | Farm |
| 21:27 | Research | Bow Saw |
| 21:35 | Build | Farm |
| 21:41 | Create | Villager (Male) |
| 21:42 | Create | Villager (Male) |
| 21:44 | Create | Villager (Male) |
| 21:52 | Create | Villager (Male) |
| 21:54 | Create | Villager (Male) |
| 21:55 | Create | Villager (Male) |
| 21:58 | Create | Villager (Male) |
| 21:58 | Create | Villager (Male) |
| 22:07 | Build | House |
| 22:28 | Build | Town Center |
| 22:32 | Build | Farm |
| 22:33 | Create | Villager (Male) |
| 22:34 | Create | Villager (Male) |
| 22:36 | Create | Villager (Male) |
| 22:39 | Create | Villager (Male) |
| 22:45 | Create | Villager (Male) |
| 22:48 | Build | Farm |
| 22:50 | Create | Villager (Male) |
| 22:52 | Create | Villager (Male) |
| 22:59 | Create | Villager (Male) |
| 22:59 | Create | Villager (Male) |
| 23:03 | Build | Farm |
| 23:23 | Build | Farm |
| 23:26 | Build | Farm |
| 23:34 | Build | Farm |
| 23:44 | Build | Farm |
| 23:53 | Create | Villager (Male) |
| 23:53 | Create | Villager (Male) |
| 23:56 | Build | Farm |
| 23:58 | Create | Villager (Male) |
| 24:00 | Create | Villager (Male) |
| 24:01 | Create | Villager (Male) |
| 24:07 | Create | Villager (Male) |
| 24:07 | Create | Villager (Male) |
| 24:13 | Build | Farm |
| 24:19 | Build | Mining Camp |
| 24:21 | Create | Villager (Male) |
| 24:26 | Create | Villager (Male) |
| 24:26 | Create | Villager (Male) |
| 24:26 | Create | Villager (Male) |
| 24:27 | Create | Villager (Male) |
| 24:27 | Create | Villager (Male) |
| 24:28 | Create | Villager (Male) |
| 24:28 | Create | Villager (Male) |
| 24:28 | Create | Villager (Male) |
| 24:37 | Create | Villager (Male) |
| 24:47 | Build | Farm |
| 24:56 | Build | House |
| 24:57 | Build | House |
| 24:58 | Build | House |
| 24:59 | Build | House |
| 25:00 | Build | House |
| 25:02 | Build | House |
| 25:06 | Build | Farm |
| 25:10 | Create | Villager (Male) |
| 25:30 | Build | Farm |
| 25:52 | Create | Villager (Male) |
| 26:01 | Create | Villager (Male) |
| 26:10 | Build | House |
| 26:17 | Research | Wheelbarrow |
| 26:23 | Create | Villager (Male) |
| 26:28 | Create | Villager (Male) |
| 26:31 | Create | Villager (Male) |
| 26:34 | Build | Farm |
| 26:42 | Build | Farm |
| 26:53 | Create | Villager (Male) |
| 27:07 | Build | Farm |
| 27:09 | Build | Farm |
Match timeline
| 1:24 | 下雪边界 · wall_segment Palisade Wall x1 |
| 1:28 | 下雪边界 · wall_segment Palisade Wall x1 |
| 1:29 | linshihchiang0627 · wall_segment Palisade Wall x10 |
| 1:29 | 下雪边界 · wall_segment Palisade Wall x1 |
| 1:30 | 下雪边界 · wall_segment Palisade Wall x1 |
| 1:35 | 下雪边界 · wall_segment Palisade Wall x1 |
| 1:35 | 下雪边界 · wall_segment Palisade Wall x1 |
| 3:01 | 斯塔露·夏露普 · wall_segment Palisade Wall x14 |
| 3:23 | 斯塔露·夏露普 · wall_segment Palisade Wall x1 |
| 3:37 | UU Amitabha · wall_segment Palisade Wall x20 |
| 4:20 | UU Amitabha · wall_segment Palisade Wall x3 |
| 4:37 | 斯塔露·夏露普 · wall_segment Palisade Wall x21 |
| 5:49 | 冰空的花束 · first_building Dock |
| 5:59 | 下雪边界 · first_building Dock |
| 6:46 | UU Amitabha · first_building Dock |
| 7:19 | UU Amitabha · wall_segment Palisade Wall x18 |
| 8:07 | linshihchiang0627 · first_building Dock |
| 8:21 | MakinoharaShoko · first_building Dock |
| 10:57 | 冰空的花束 · first_building Barracks |
| 11:28 | 下雪边界 · age_up feudal |
| 11:32 | linshihchiang0627 · age_up feudal |
| 11:51 | 店長 · age_up feudal |
| 11:56 | linshihchiang0627 · wall_segment Stone Wall x10 |
| 11:57 | 斯塔露·夏露普 · first_building Dock |
| 12:09 | 斯塔露·夏露普 · age_up feudal |
| 12:45 | ASS not cs is carrier · age_up feudal |
| 13:31 | MakinoharaShoko · age_up feudal |
| 13:32 | 冰空的花束 · age_up feudal |
| 15:00 | 下雪边界 · age_up castle |
| 15:48 | 斯塔露·夏露普 · age_up castle |
| 15:53 | linshihchiang0627 · age_up castle |
| 15:55 | UU Amitabha · age_up feudal |
| 15:59 | UU Amitabha · wall_segment Stone Wall x19 |
| 16:31 | ASS not cs is carrier · age_up castle |
| 16:37 | ASS not cs is carrier · first_market_buy 100 wood |
| 18:20 | UU Amitabha · wall_segment Stone Wall x16 |
| 18:25 | UU Amitabha · wall_segment Stone Wall x1 |
| 18:46 | linshihchiang0627 · first_building Castle |
| 18:51 | 冰空的花束 · first_building Donjon |
| 19:03 | 店長 · first_building Barracks |
| 20:33 | 店長 · first_building Stable |
| 20:36 | 下雪边界 · first_market_sell 100 food |
| 20:38 | 下雪边界 · first_market_buy 100 stone |
| 20:40 | UU Amitabha · age_up castle |
| 20:45 | 冰空的花束 · age_up castle |
| 20:51 | 店長 · age_up castle |
| 20:54 | 下雪边界 · wall_segment Stone Wall x9 |
| 20:58 | 下雪边界 · first_building Monastery |
| 21:36 | linshihchiang0627 · first_market_buy 100 stone |
| 21:48 | 店長 · first_building Monastery |
| 21:53 | UU Amitabha · first_building Monastery |
| 22:02 | 冰空的花束 · first_building Monastery |
| 22:31 | linshihchiang0627 · first_building Monastery |
| 23:43 | MakinoharaShoko · age_up castle |
| 24:25 | MakinoharaShoko · first_building Barracks |
| 24:26 | linshihchiang0627 · first_building Siege Workshop |
| 25:05 | linshihchiang0627 · first_building Stable |
| 25:28 | 下雪边界 · first_building Barracks |
| 26:35 | 下雪边界 · first_building Archery Range |
| 27:15 | 下雪边界 · first_building Castle |
| 27:27 | 店長 · first_building Castle |
| 27:31 | 下雪边界 · first_building Stable |
| 28:20 | 斯塔露·夏露普 · first_building Monastery |
| 28:36 | ASS not cs is carrier · first_building Monastery |
| 29:43 | UU Amitabha · first_building Castle |
| 29:43 | MakinoharaShoko · first_building Monastery |
| 29:49 | 下雪边界 · age_up imperial |
| 29:53 | UU Amitabha · first_building Barracks |
| 30:17 | linshihchiang0627 · first_building Archery Range |
| 30:23 | 斯塔露·夏露普 · first_building Barracks |
| 30:41 | UU Amitabha · first_building Archery Range |
| 30:43 | UU Amitabha · first_building Siege Workshop |
| 31:01 | 下雪边界 · first_building Siege Workshop |
| 31:25 | 斯塔露·夏露普 · first_building Stable |
| 31:43 | linshihchiang0627 · age_up imperial |
| 31:49 | UU Amitabha · first_building Stable |
| 32:27 | 冰空的花束 · first_building Castle |
| 32:28 | 冰空的花束 · age_up imperial |
| 32:39 | 斯塔露·夏露普 · age_up imperial |
| 32:43 | ASS not cs is carrier · age_up imperial |
| 32:49 | ASS not cs is carrier · first_building Barracks |
| 32:49 | 店長 · first_building Archery Range |
| 33:07 | 斯塔露·夏露普 · first_building Castle |
| 33:11 | UU Amitabha · age_up imperial |
| 33:25 | ASS not cs is carrier · first_building Castle |
| 33:55 | MakinoharaShoko · first_building Siege Workshop |
| 33:56 | 店長 · age_up imperial |
| 34:55 | 斯塔露·夏露普 · first_building Archery Range |
| 35:50 | ASS not cs is carrier · first_building Siege Workshop |
| 35:57 | MakinoharaShoko · age_up imperial |
| 37:04 | MakinoharaShoko · first_building Castle |
| 39:04 | ASS not cs is carrier · first_building Stable |
| 41:48 | 冰空的花束 · first_market_buy 100 stone |
| 43:31 | UU Amitabha · tribute_sent a jugador 1 |
| 43:31 | UU Amitabha · tribute_sent a jugador 2 |
| 43:31 | UU Amitabha · tribute_sent a jugador 3 |
| 43:31 | UU Amitabha · tribute_sent a jugador 4 |
| 43:31 | UU Amitabha · tribute_sent a jugador 5 |
| 43:31 | UU Amitabha · tribute_sent a jugador 6 |
| 43:31 | UU Amitabha · tribute_sent a jugador 8 |
| 45:43 | UU Amitabha · tribute_sent a jugador 1 |
| 45:43 | UU Amitabha · tribute_sent a jugador 2 |
| 45:43 | UU Amitabha · tribute_sent a jugador 3 |
| 45:43 | UU Amitabha · tribute_sent a jugador 4 |
| 45:43 | UU Amitabha · tribute_sent a jugador 5 |
| 45:43 | UU Amitabha · tribute_sent a jugador 6 |
| 45:43 | UU Amitabha · tribute_sent a jugador 8 |
| 46:19 | 斯塔露·夏露普 · first_market_sell 500 food |
| 46:26 | UU Amitabha · wall_segment Stone Wall x19 |
| 47:14 | UU Amitabha · wall_segment Stone Wall x8 |
| 47:29 | UU Amitabha · first_market_buy 500 stone |
| 48:42 | linshihchiang0627 · first_market_sell 100 food |
| 49:13 | UU Amitabha · wall_segment Stone Wall x10 |
| 50:33 | UU Amitabha · tribute_sent a jugador 1 |
| 50:33 | UU Amitabha · tribute_sent a jugador 2 |
| 50:33 | UU Amitabha · tribute_sent a jugador 3 |
| 50:33 | UU Amitabha · tribute_sent a jugador 4 |
| 50:33 | UU Amitabha · tribute_sent a jugador 5 |
| 50:33 | UU Amitabha · tribute_sent a jugador 6 |
| 50:33 | UU Amitabha · tribute_sent a jugador 8 |
| 50:34 | linshihchiang0627 · tribute_sent a jugador 1 |
| 50:34 | linshihchiang0627 · tribute_sent a jugador 2 |
| 50:34 | linshihchiang0627 · tribute_sent a jugador 3 |
| 50:34 | linshihchiang0627 · tribute_sent a jugador 4 |
| 50:34 | linshihchiang0627 · tribute_sent a jugador 6 |
| 50:34 | linshihchiang0627 · tribute_sent a jugador 7 |
| 50:34 | linshihchiang0627 · tribute_sent a jugador 8 |
| 50:51 | 店長 · tribute_sent a jugador 2 |
| 50:51 | 店長 · tribute_sent a jugador 3 |
| 50:51 | 店長 · tribute_sent a jugador 4 |
| 50:51 | 店長 · tribute_sent a jugador 5 |
| 50:51 | 店長 · tribute_sent a jugador 6 |
| 50:51 | 店長 · tribute_sent a jugador 7 |
| 50:51 | 店長 · tribute_sent a jugador 8 |
| 52:09 | UU Amitabha · tribute_sent a jugador 1 |
| 52:09 | UU Amitabha · tribute_sent a jugador 2 |
| 52:09 | UU Amitabha · tribute_sent a jugador 3 |
| 52:09 | UU Amitabha · tribute_sent a jugador 4 |
| 52:09 | UU Amitabha · tribute_sent a jugador 5 |
| 52:09 | UU Amitabha · tribute_sent a jugador 6 |
| 52:09 | UU Amitabha · tribute_sent a jugador 8 |
| 54:23 | UU Amitabha · tribute_sent a jugador 1 |
| 54:23 | UU Amitabha · tribute_sent a jugador 2 |
| 54:23 | UU Amitabha · tribute_sent a jugador 3 |
| 54:23 | UU Amitabha · tribute_sent a jugador 4 |
| 54:23 | UU Amitabha · tribute_sent a jugador 5 |
| 54:23 | UU Amitabha · tribute_sent a jugador 6 |
| 54:23 | UU Amitabha · tribute_sent a jugador 8 |
| 55:13 | UU Amitabha · tribute_sent a jugador 1 |
| 55:13 | UU Amitabha · tribute_sent a jugador 2 |
| 55:13 | UU Amitabha · tribute_sent a jugador 3 |
| 55:13 | UU Amitabha · tribute_sent a jugador 4 |
| 55:14 | UU Amitabha · tribute_sent a jugador 5 |
| 55:14 | UU Amitabha · tribute_sent a jugador 6 |
| 55:14 | UU Amitabha · tribute_sent a jugador 8 |
| 58:23 | linshihchiang0627 · tribute_sent a jugador 1 |
| 58:23 | linshihchiang0627 · tribute_sent a jugador 2 |
| 58:23 | linshihchiang0627 · tribute_sent a jugador 3 |
| 58:23 | linshihchiang0627 · tribute_sent a jugador 4 |
| 58:23 | linshihchiang0627 · tribute_sent a jugador 6 |
| 58:23 | linshihchiang0627 · tribute_sent a jugador 7 |
| 58:23 | linshihchiang0627 · tribute_sent a jugador 8 |
| 59:43 | UU Amitabha · tribute_sent a jugador 1 |
| 59:43 | UU Amitabha · tribute_sent a jugador 2 |
| 59:43 | UU Amitabha · tribute_sent a jugador 3 |
| 59:43 | UU Amitabha · tribute_sent a jugador 4 |
| 59:43 | UU Amitabha · tribute_sent a jugador 5 |
| 59:43 | UU Amitabha · tribute_sent a jugador 6 |
| 59:43 | UU Amitabha · tribute_sent a jugador 8 |
| 61:27 | MakinoharaShoko · tribute_sent a jugador 1 |
| 61:27 | MakinoharaShoko · tribute_sent a jugador 2 |
| 61:27 | MakinoharaShoko · tribute_sent a jugador 3 |
| 61:27 | MakinoharaShoko · tribute_sent a jugador 5 |
| 61:27 | MakinoharaShoko · tribute_sent a jugador 6 |
| 61:27 | MakinoharaShoko · tribute_sent a jugador 7 |
| 61:27 | MakinoharaShoko · tribute_sent a jugador 8 |
| 61:27 | linshihchiang0627 · tribute_sent a jugador 1 |
| 61:27 | linshihchiang0627 · tribute_sent a jugador 2 |
| 61:27 | linshihchiang0627 · tribute_sent a jugador 3 |
| 61:27 | linshihchiang0627 · tribute_sent a jugador 4 |
| 61:27 | linshihchiang0627 · tribute_sent a jugador 6 |
| 61:27 | linshihchiang0627 · tribute_sent a jugador 7 |
| 61:27 | linshihchiang0627 · tribute_sent a jugador 8 |
| 61:44 | UU Amitabha · tribute_sent a jugador 1 |
| 61:44 | UU Amitabha · tribute_sent a jugador 2 |
| 61:44 | UU Amitabha · tribute_sent a jugador 3 |
| 61:44 | UU Amitabha · tribute_sent a jugador 4 |
| 61:44 | UU Amitabha · tribute_sent a jugador 5 |
| 61:44 | UU Amitabha · tribute_sent a jugador 6 |
| 61:44 | UU Amitabha · tribute_sent a jugador 8 |
| 63:12 | 冰空的花束 · first_market_sell 500 wood |
| 64:00 | linshihchiang0627 · tribute_sent a jugador 1 |
| 64:00 | linshihchiang0627 · tribute_sent a jugador 2 |
| 64:00 | linshihchiang0627 · tribute_sent a jugador 3 |
| 64:00 | linshihchiang0627 · tribute_sent a jugador 4 |
| 64:00 | linshihchiang0627 · tribute_sent a jugador 6 |
| 64:00 | linshihchiang0627 · tribute_sent a jugador 7 |
| 64:00 | linshihchiang0627 · tribute_sent a jugador 8 |
| 66:34 | linshihchiang0627 · tribute_sent a jugador 1 |
| 66:34 | linshihchiang0627 · tribute_sent a jugador 2 |
| 66:34 | linshihchiang0627 · tribute_sent a jugador 3 |
| 66:34 | linshihchiang0627 · tribute_sent a jugador 4 |
| 66:34 | linshihchiang0627 · tribute_sent a jugador 6 |
| 66:34 | linshihchiang0627 · tribute_sent a jugador 7 |
| 66:34 | linshihchiang0627 · tribute_sent a jugador 8 |
| 67:23 | linshihchiang0627 · resign |
[ AI ANALYSIS · 1 CREDIT ]
What really happened in this match?
Wolo.gg analyzes every decision: build order, eco, micro, common mistakes by bracket. Personalized analysis on WhatsApp or Discord in 30 seconds.
Civ guide
Vikings
Perfil
Jugador #13755843